 Dungeon Crawl Stone Soup version 0.29-a0-775-g4d7333d4e2 (console) character file.

Game seed: 10444061477594754343

2516 jejorda2 the Basher (level 9, -2/73 HPs)
             Began as a Palentonga Berserker on July 1, 2022.
             Was a Priest of Trog.
             Slain by a spriggan
             ... wielding a +0 spear
              (5 damage)
             ... in a bailey.
             The game lasted 00:21:14 (6574 turns).

jejorda2 the Basher (Palentonga Berserker)          Turns: 6574, Time: 00:21:15

Health: -2/73      AC: 19    Str: 31    XL:     9   Next: 29%
Magic:  9/9        EV: 24    Int:  8    God:    Trog [***...]
Gold:   247        SH:  0    Dex:  9    Spells: 8/8 levels left

rFire   + . .      SeeInvis +   a - +1 whip (elec)
rCold   . . .      Faith    .   (no shield)
rNeg    . . .      Spirit   .   m - +0 swamp dragon scales
rPois   +          Reflect  .   j - +0 helmet
rElec   .          Harm     .   r - +2 cloak
rCorr   .          Rampage  .   (no gloves)
Will    ++...                   (no barding)
Stlth   ..........              g - amulet of the acrobat
HPRegen 1.22/turn               b - ring of protection from fire
MPRegen 0.11/turn               u - +6 ring of strength

@: strong-willed, on berserk cooldown, acrobatic, regenerating, curled up
A: large, rugged brown scales 3, see invisible, deformed body, roll 1, armoured
tail, reflexive curl
a: Rolling Charge, Renounce Religion, Berserk, Trog's Hand


You were in a bailey.
You worshipped Trog.
Trog was most pleased with you.
You visited 1 branch of the dungeon, and saw 7 of its levels.
You also visited: Bailey.

You collected 247 gold pieces.

Inventory:

Hand Weapons
 a - a +1 whip of electrocution (weapon)
 s - a +0 flail
Missiles
 f - 67 stones
 l - 4 curare-tipped darts
 w - 3 atropa-tipped darts
 x - 4 poisoned darts
 y - 3 boomerangs of dispersal
Armour
 j - a +0 helmet (worn)
 m - +0 swamp dragon scales (worn)
 r - a +2 cloak (worn)
 v - a +1 scale mail of cold resistance
Jewellery
 b - a ring of protection from fire (left hand)
 c - a ring of fire
 g - an amulet of the acrobat (around neck)
 u - a +6 ring of strength (right hand)
Wands
 k - a wand of flame (14)
Scrolls
 d - 2 scrolls of teleportation
 e - 2 scrolls of enchant weapon
 h - 5 scrolls of identify
 o - a scroll of enchant armour
 q - 3 scrolls of immolation
 z - a scroll of torment
Potions
 n - a potion of attraction
 p - 3 potions of curing


   Skills:
 - Level 6.0 Fighting
 - Level 3.4 Long Blades
 * Level 9.0 Maces & Flails
 + Level 5.7 Armour
 - Level 1.5 Dodging
 + Level 1.6 Evocations


You had 8 spell levels left.
You didn't know any spells.
Your spell library was empty.

Dungeon Overview and Level Annotations

Branches:
Dungeon (7/15)             Temple (0/1) D:6          Bailey (1/1)

Altars:
Elyvilon
Gozag
Hepliaklqana
Kikubaaqudgha


Innate Abilities, Weirdness & Mutations

You are completely covered in rugged brown scales. (AC +3, +7% HP)
You have supernaturally acute eyesight. (SInv)
Armour fits poorly on your strangely shaped body.
You can roll at nearby foes to attack.
You have a long armoured tail.
You curl defensively after being hit. (AC +7*)


Message History

The spriggan hits you with a +0 spear. The spriggan barely misses you.
You closely miss the spriggan.
The spriggan is lightly wounded.
The spriggan barely misses you.
The spriggan splashes around in the water.
The spriggan barely misses you.
You whack the spriggan!
The spriggan is heavily wounded.
The spriggan splashes around in the water.
The spriggan hits you with a +0 spear.
* * * LOW HITPOINT WARNING * * *
The spriggan hits you but does no damage.
You feel much better.
You feel yourself speed up. The spriggan barely misses you.
The spriggan closely misses you. The spriggan hits you with a +0 spear.
The spriggan hits you from afar with a +0 spear.
The spriggan hits you with a +0 spear! x2
Your skin crawls.
You feel strong-willed. The spriggan closely misses you.
The spriggan hits you with a +0 spear!
* * * LOW HITPOINT WARNING * * *
The spriggan closely misses you.
You miss the spriggan.
The spriggan is heavily wounded.
You barely miss the spriggan.
The spriggan is heavily wounded.
The spriggan hits you from afar with a +0 spear!
* * * LOW HITPOINT WARNING * * *
The spriggan hits you with a +0 spear.
* * * LOW HITPOINT WARNING * * *
The spriggan splashes around in the water.
The spriggan hits you from afar with a +0 spear!
* * * LOW HITPOINT WARNING * * *
The spriggan barely misses you.
A spriggan comes into view. It is wielding a +0 spear.
The spriggan shouts!
An ogre comes into view. It is wielding a +0 halberd.
The spriggan hits you from afar with a +0 spear.
You die...

#### O..# i..#
### #..# ##.##
#..## ##...##
#..## #.....#
#@.###.....##
#..≈≈≈..∩...#
#i.i≈≈......#
#..i≈≈......#
♣..≈)≈).....#
♣..≈))..∩...#
♣#..###.....##
##..## #.....#
#..## ##...##


You could see an ogre (wandering) and 4 spriggans.

Vanquished Creatures
  The ghost of samgaumpmail the Changer, a novice OpTm of Cheibriados (D:6)
  2 spriggans (Bailey)
  A wraith (D:6)
  A water moccasin (D:5)
  A hornet zombie (D:5)
  2 ogres (Bailey)
  3 phantoms
  A necrophage (D:4)
  3 scorpions
  A water moccasin zombie (D:5)
  A water moccasin skeleton (D:5)
  A bullfrog zombie (D:5)
  A centaur zombie (D:5)
  An orc priest (D:5)
  2 hounds (D:5)
  Crazy Yiuf (D:2)
  2 iguanas
  4 orc wizards (D:5)
  3 scorpion zombies (D:5)
  A hound zombie (D:5)
  8 gnolls
  A howler monkey skeleton (D:5)
  10 adders
  A white imp (D:5)
  2 worms
  3 dart slugs (D:2)
  16 orcs
  8 endoplasms
  8 giant cockroaches
  4 goblins
  7 hobgoblins
  9 jackals
  4 quokkas
  7 ball pythons
  11 bats
  3 frilled lizards
  8 kobolds
  9 rats
  A bush (D:2)
153 creatures vanquished.

Vanquished Creatures (others)
  2 plants (D:6)
  3 withered plants (D:5)
5 creatures vanquished.

Grand Total: 158 creatures vanquished

Notes
Turn   | Place    | Note
-------+----------+-------------------------------------------
     0 | D:1      | jejorda2 the Palentonga Berserker began the quest for the
                  | Orb.
     0 | D:1      | Reached XP level 1. HP: 19/19 MP: 1/1
   336 | D:1      | Reached XP level 2. HP: 25/25 MP: 2/2
   669 | D:1      | Reached ** piety under Trog
   759 | D:1      | Reached XP level 3. HP: 27/31 MP: 3/3
  1176 | D:2      | Found a faded altar of an unknown god.
  1202 | D:2      | Reached skill level 1 in Maces & Flails
  1631 | D:2      | Reached XP level 4. HP: 27/38 MP: 4/4
  2270 | D:2      | Found a runed translucent door.
  2271 | D:2      | Noticed Crazy Yiuf
  2278 | D:2      | Killed Crazy Yiuf
  2279 | D:2      | Reached skill level 2 in Maces & Flails
  2636 | D:3      | Reached XP level 5. HP: 44/44 MP: 5/5
  2756 | D:3      | You fall into a shaft and drop 2 floors!
  2756 | D:5      | Entered Level 5 of the Dungeon
  2837 | D:5      | Reached skill level 3 in Maces & Flails
  2837 | D:5      | Noticed a phantom
  2850 | D:5      | Killed a phantom
  2851 | D:5      | Reached XP level 6. HP: 35/51 MP: 6/6
  2908 | D:5      | Reached skill level 4 in Maces & Flails
  3045 | D:5      | Gained mutation: You curl defensively after being hit. (AC
                  | +7*) [Palentonga growth]
  3045 | D:5      | Reached XP level 7. HP: 34/58 MP: 7/7
  3057 | D:5      | Reached skill level 5 in Maces & Flails
  3339 | D:5      | Reached skill level 5 in Fighting
  3364 | D:5      | Reached *** piety under Trog
  3697 | D:5      | Reached skill level 6 in Maces & Flails
  3718 | D:5      | Reached XP level 8. HP: 67/67 MP: 8/8
  4080 | D:4      | Found a white marble altar of Elyvilon.
  4480 | D:4      | Found an opulent altar of Gozag.
  5055 | D:4      | Found an ancient bone altar of Kikubaaqudgha.
  5726 | D:6      | Found a staircase to the Ecumenical Temple.
  5750 | D:6      | Found a runed translucent door.
  5754 | D:6      | Noticed samgaumpmail's ghost (novice OpTm)
  5813 | D:6      | Identified the ring of Harmony {Wiz Dex+6}
  5820 | D:6      | Reached skill level 7 in Maces & Flails
  5909 | D:6      | Found a faded altar of an unknown god.
  5909 | D:6      | Found a faded altar of an unknown god.
  5973 | D:6      | Found a hazy altar of Hepliaklqana.
  6027 | D:6      | Identified the +5 falchion "Owifuop" {spect, rC+++ Will-
                  | rCorr Dex-4}
  6362 | D:6      | Reached skill level 5 in Armour
  6367 | D:6      | Killed samgaumpmail's ghost
  6368 | D:6      | Reached skill level 8 in Maces & Flails
  6368 | D:6      | Reached XP level 9. HP: 73/73 MP: 7/9
  6500 | D:7      | Found a flagged portal.
  6506 | Bailey   | Entered a bailey
  6542 | Bailey   | Reached skill level 1 in Evocations
  6547 | Bailey   | Reached skill level 9 in Maces & Flails
  6573 | Bailey   | HP: 1/73 [spriggan/+0 spear (8)]
  6574 | Bailey   | Slain by a spriggan

Illustrated notes

Levels and vault maps discovered:
D:1:      lemuel_arrival_cross, layout_loops_ring, minmay_tromino_i2
D:2:      cheibrodos_helix_gallery, layout_basic,
          hellmonk_ecumenical_altar_crossroads, uniq_crazy_yiuf_cottage
D:3:      layout_loops_ring
D:4:      layout_layer_cave, mainiacjoe_overflow_surrounded_room,
          nicolae_gozag_cash_rules_everything_around_me, elyvilon_altar_5
D:5:      layout_basic, serial_undead, serial_undead_d, serial_undead_c,
          serial_undead_b, serial_undead_e
D:6:      layout_basic, nicolae_hepliaklqana_ecumenical_no_more,
          minmay_temple_entry_ruins, ebering_ghost_inner_flame
D:7:      layout_loops_cross, nicolae_overflow_hallway_of_the_gods,
          enter_bailey_2, uniq_joseph
Bailey:   bailey_polearm_enchanted_keep_hellmonk, bailey

Skill      XL: |  1  2  3  4  5  6  7  8  9 |
---------------+----------------------------+-----
Armour         | 2 3 4 5 |  5.7
Maces & Flails | 1 2 3 4 6 8 9 |  9.0
Fighting       | 4 5 6 |  6.0
Evocations     | 1 |  1.6
Long Blades    | |  3.4
Dodging        | |  1.5

Action                   |  1- 3 |  4- 6 |  7- 9 || total
-------------------------+-------+-------+-------++-------
Melee: Falchion          |    53 |       |       ||    53
       Tailslap          |    13 |    22 |    28 ||    63
       Whip              |    59 |   154 |   236 ||   449
       Punch             |     1 |     1 |     1 ||     3
Throw: Dart              |       |       |     1 ||     1
Invok: Berserk           |     3 |     4 |     6 ||    13
       Trog's Hand       |       |     1 |     4 ||     5
 Abil: Rolling Charge    |    35 |    23 |    35 ||    93
  Use: Scroll            |       |       |    15 ||    15
       Potion            |       |       |     2 ||     2
Armor: Animal skin       |    12 |       |       ||    12
       Leather armour    |    12 |       |       ||    12
       Skin              |    10 |    52 |     9 ||    71
       Ring mail         |       |       |    60 ||    60
       Swamp dragon scal |       |       |    10 ||    10
Dodge: Dodged            |    45 |    57 |   107 ||   209

Table legend: (Time is in decaauts)
 A = Elapsed time spent in this place.
 B = Non-inter-level travel time spent in this place.
 C = Inter-level travel time spent in this place.
 D = Time resting spent in this place.
 E = Time spent auto-exploring this place.
 F = Levels seen in this place.
 G = Mean time per level.
                   A        B        C        D        E       F      G
               +--------+--------+--------+--------+--------+-----+--------+
         Total |   6668 |   6410 |    258 |    971 |   4338 |   8 |  833.5 |
       Dungeon |   6596 |   6338 |    258 |    971 |   4326 |   7 |  942.3 |
        Bailey |     72 |     72 |      0 |      0 |     12 |   1 |   72.0 |
               +--------+--------+--------+--------+--------+-----+--------+

Top non-repeatable levels by time:
     D:5: 1553 daAuts
     D:2: 1297 daAuts
     D:4: 1140 daAuts
     D:1: 1089 daAuts
     D:6: 826 daAuts
     D:3: 662 daAuts
  Bailey: 72 daAuts
     D:7: 26 daAuts
